 Dungeon Crawl Stone Soup version 0.31-a0-263-ge8cad7f256 (webtiles) character file.

Game seed: 11307347205272980598

58 qw the Shooter (level 4, -1/26 HPs)
             Began as a Gargoyle Hexslinger on July 13, 2023.
             Slain by Sigmund
             ... wielding a +0 scythe
              (10 damage)
             ... on level 2 of the Dungeon.
             The game lasted 00:00:28 (1108 turns).

qw the Shooter (Gargoyle Hexslinger)                Turns: 1108, Time: 00:00:28

Health: -1/26      AC:  8    Str: 11    XL:     4   Next: 2%
Magic:  5/5        EV: 10    Int: 14    God:
Gold:   65         SH:  0    Dex: 14    Spells: 4/5 levels left

rFire   . . .        Y - +7 orcbow (freeze)
rCold   . . .        (shield currently unavailable)
rNeg    + . .        d - +0 ring mail
rPois   inf          (no helmet)
rElec   +            (no cloak)
rCorr   .            (no gloves)
SInv    .            (no boots)
Will    .....        (no amulet)
Stlth   +            (no ring)
HPRegen 0.24/turn    (no ring)
MPRegen 0.09/turn

%: no passive effects
@: no status effects
A: sickness immunity, AC +3, negative energy resistance 1, electricity
resistance, torment resistance 1, petrification resistance
a: no special abilities


You were on level 2 of the Dungeon.
You visited 1 branch of the dungeon, and saw 2 of its levels.

You collected 93 gold pieces.
You spent 28 gold pieces at shops.


Innate Abilities, Weirdness & Mutations

You are immune to sickness and miasma.
Your stone body is resilient. (AC +3)
You are immune to poison.
You resist negative energy. (rN+)
You are resistant to electric shocks. (rElec)
You are resistant to unholy torment.
You are immune to petrification.


   Skills:
 - Level 2.0 Fighting
 + Level 3.8 Ranged Weapons
 - Level 1.5 Dodging
 - Level 1.0 Spellcasting
 - Level 2.6 Hexes


You had 4 spell levels left.
You knew the following spells:

 Your Spells              Type           Power      Damage    Failure   Level
a - Slow                  Hex            32%        N/A       22%         1

Your spell library contained the following spells:

 Spells                   Type           Power      Damage    Failure   Level
 Inner Flame              Hex/Fire       4%         N/A       73%         3
 Portal Projectile        Hex/Tloc       8%         N/A       73%         3
 Cause Fear               Hex            4%         N/A       91%         4

Inventory:

Hand Weapons
 Y - a +7 orcbow of freezing (weapon)
Armour
 a - a +0 helmet
 d - a +0 ring mail (worn)
Scrolls
 l - 2 scrolls of identify
Potions
 k - a potion of might {unknown}

Dungeon Overview and Level Annotations

Branches:
Dungeon (2/15)

Altars:

Shops:
D:1 :=?(!

Annotations:
D:2 Sigmund


Message History

Sigmund the Dreaded comes into view.
He is wielding a +0 scythe and wearing a +1 robe of willpower.
Sigmund shouts!
You shoot an arrow. The arrow closely misses Sigmund.
A worm comes into view.
You shoot an arrow. The arrow hits Sigmund.
The arrow freezes Sigmund.
Sigmund is moderately wounded.
You shoot an arrow. The arrow closely misses Sigmund.
You shoot an arrow. The arrow barely misses Sigmund.
Sigmund hits you from afar with a +0 scythe.
You shoot an arrow. The arrow hits Sigmund!
The arrow freezes Sigmund.
Sigmund is heavily wounded.
Sigmund says, "Don't worry, I'll kill you fast."
Sigmund casts a spell at you.
You are confused.
Sigmund hits you from afar with a +0 scythe.
Sigmund closely misses you.
Sigmund hits you from afar with a +0 scythe!
Sigmund hits you from afar with a +0 scythe.
The worm closely misses you.
You feel less confused. Sigmund closely misses you.
You shoot an arrow. The arrow hits the worm.
The arrow freezes the worm.
The worm is moderately wounded.
The worm barely misses you.
Sigmund casts a spell.
Sigmund flickers and vanishes!
Deactivating autopickup; reactivate with Ctrl-A.
You shoot an arrow. The arrow hits the worm!
The arrow freezes the worm.
You kill the worm!
Something hits you but does no damage.
You have reached level 4!
You feel clever.
You shoot an arrow. Something hits you.
You shoot an arrow. Something hits you but does no damage.
You shoot an arrow. Something hits you but does no damage.
You shoot an arrow. Something hits you!
You die...

.. .# ##.# #..# ...###
#{....########### #%#
#...........# ##@#
#.........# #..#
#.....<...# ##.##
##.))).....#
#######..#####.)).#######
#..........##.)#####
#..........#..#.......
#..........#.##.......
......................
#.....................


There were no monsters in sight!

Vanquished Creatures
  Robin (D:2)
  A worm (D:2)
  2 dart slugs
  5 endoplasms (D:1)
  12 goblins
  3 hobgoblins (D:2)
  A quokka (D:1)
  2 ball pythons
  5 bats
  3 frilled lizards (D:1)
  A kobold (D:1)
  A rat (D:1)
37 creatures vanquished.

Notes
Turn   | Place    | Note
-------+----------+-------------------------------------------
     0 | D:1      | qw the Gargoyle Hexslinger began the quest for the Orb.
     0 | D:1      | Reached XP level 1. HP: 12/12 MP: 2/2
     0 | D:1      | 0 ||| qw: Version: 0.3-a-52-g30416fa
     0 | D:1      | 0 ||| qw: Game counter: 7442
     0 | D:1      | 0 ||| qw: Melee chars always use a shield: true
     0 | D:1      | 0 ||| qw: God list: Okawaru
     0 | D:1      | 0 ||| qw: Allow faded altars: false
     0 | D:1      | 0 ||| qw: Do Orc after clearing Dungeon:15 true
     0 | D:1      | 0 ||| qw: Do second Lair branch before Depths: true
     0 | D:1      | 0 ||| qw: Lair rune preference: random
     0 | D:1      | 0 ||| qw: Goals: Normal
     0 | D:1      | 0 ||| PLANNING D:1-11
    86 | D:1      | Found Husaty's Distillery.
    98 | D:1      | 98 ||| SHOPLISTING potion of cancellation (104 gold, have
                  | 3).
    98 | D:1      | 98 ||| SHOPLISTING potion of curing (39 gold, have 3).
    98 | D:1      | 98 ||| SHOPLISTING potion of might (52 gold, have 3).
   135 | D:1      | Reached XP level 2. HP: 16/16 MP: 3/3
   181 | D:1      | Found Ehafian's Antique Weapon Shoppe.
   186 | D:1      | 186 ||| SHOPLISTING glowing sling (117 gold, have 28).
   186 | D:1      | 186 ||| SHOPLISTING runed triple crossbow (338 gold, have
                  | 28).
   270 | D:1      | Found Xefotat's Jewellery Shoppe.
   319 | D:1      | Reached skill level 3 in Ranged Weapons
   353 | D:1      | 353 ||| SHOPLISTING +4 ring of slaying (1014 gold, have
                  | 51).
   353 | D:1      | 353 ||| SHOPLISTING +6 ring of dexterity (468 gold, have
                  | 51).
   353 | D:1      | 353 ||| SHOPLISTING ring "Hawanwog" {rC+ Dex+4} (525 gold,
                  | have 51).
   353 | D:1      | 353 ||| SHOPLISTING ring of ice (325 gold, have 51).
   383 | D:1      | Found Xiphahoh's Book Boutique.
   383 | D:1      | Noticed a walking divine tome
   385 | D:1      | Noticed a walking earthen tome
   553 | D:1      | Found Apipn's Magic Scroll Shop.
   559 | D:1      | 559 ||| SHOPLISTING scroll of acquirement (728 gold, have
                  | 83).
   559 | D:1      | 559 ||| SHOPLISTING scroll of enchant armour (105 gold,
                  | have 83).
   559 | D:1      | 559 ||| BUYING scroll of identify (28 gold).
   559 | D:1      | Bought a scroll of identify for 28 gold pieces
   654 | D:1      | Reached XP level 3. HP: 14/21 MP: 4/4
   893 | D:1      | 893 ||| UPGRADING to +0 ring mail.
   903 | D:1      | 903 ||| DROPPING +0 robe.
   904 | D:1      | 904 ||| READING scroll labelled KUOKLISOERI.
   905 | D:1      | 905 ||| READING scroll labelled VUANLA CIGGEE.
   906 | D:1      | 906 ||| READING scroll labelled TARIUL GEGE.
   906 | D:1      | Identified a scroll of acquirement
   906 | D:1      | 906 ||| ACQUIRING +6 orcbow of freezing
   906 | D:1      | Acquired a +6 orcbow of freezing
   908 | D:1      | 908 ||| SWAPPING to +6 orcbow of freezing.
   909 | D:1      | 909 ||| DROPPING +1 sling.
   910 | D:1      | 910 ||| READING scroll labelled UVYXUCIU FEONK.
   914 | D:1      | 914 ||| READING scroll labelled CAMEUNL ARYAWA.
   915 | D:1      | 915 ||| READING 2 scrolls labelled BOZENN TOOK.
   916 | D:1      | 916 ||| DROPPING scroll of poison.
   917 | D:1      | 917 ||| DROPPING scroll of noise.
   938 | D:2      | Noticed Robin
   945 | D:2      | 945 ||| Stepping ~*~*~tactically~*~*~ (outnumbered).
   950 | D:2      | Killed Robin
   951 | D:2      | HP: 2/21 [hobgoblin[Robin] (5)]
   981 | D:2      | 981 ||| FLEEEEING.
   982 | D:2      | 982 ||| FLEEEEING.
   984 | D:2      | 984 ||| FLEEEEING.
   985 | D:2      | 985 ||| STAIRDANCE
  1057 | D:2      | 1057 ||| FLEEEEING.
  1091 | D:2      | Noticed Sigmund
  1105 | D:2      | Reached XP level 4. HP: 9/26 MP: 5/5
  1108 | D:2      | Slain by Sigmund

Levels and vault maps discovered:
D:1:      wheals_arrival_linesprint, layout_loops_ring, serial_shops,
          nicolae_shop_mannequins, nicolae_lakefront_shop,
          nicolae_shop_waterfront, nicolae_shop_tiny_real_fake_doors,
          nicolae_shop_pleasant_corner_grove, minmay_tetromino_t2
D:2:      layout_rooms, chequers_serial_rivers_micro_b,
          minmay_randomly_rotated_circles, uniq_sigmund, uniq_robin

Skill      XL: |  1  2 |
---------------+-------+-----
Ranged Weapons | 3 |  3.8
Fighting       | 2 |  2.0
Dodging        | |  1.5
Spellcasting   | |  1.0
Hexes          | |  2.6

Action                     |  1- 3 |  4- 6 || total
---------------------------+-------+-------++-------
   Fire: Sling             |    51 |       ||    51
         Orcbow            |    39 |     4 ||    43
    Use: Scroll            |     6 |       ||     6
 Armour: Robe              |     2 |       ||     2
         Ring mail         |    29 |     2 ||    31
  Dodge: Dodged            |    42 |       ||    42

Table legend:
 A = Non-vault XP
 B = Vault XP
 C = Vault XP percentage of total XP
 D = Non-vault monster count
 E = Vault monster count
 F = Vault count percentage of total count
                 A         B        C        D         E       F
            +---------+---------+-------+---------+---------+-------
      Total |      47 |      37 |  44.0 |      25 |      12 |  32.4
            +---------+---------+-------+---------+---------+-------
        D:1 |      33 |       2 |   5.7 |      20 |       1 |   4.8
        D:2 |      14 |      35 |  71.4 |       5 |      11 |  68.8
            +---------+---------+-------+---------+---------+-------
